 Dungeon Sprint DCSS version 0.27-a0-1456-gf5a116941d (webtiles) character file.

Game seed: 16940080290052594422

41818 mhtbhm the Phalangite (level 13, -6/217 HPs)
             Began as a Minotaur Fighter on July 5, 2021.
             Was the Champion of Trog.
             Succumbed to Aizul's poison arrow
             ... in the Dungeon (Sprint IX: "|||||||||||||||||||||||||||||").
             The game lasted 00:08:42 (4529 turns).

mhtbhm the Phalangite (Minotaur Fighter)            Turns: 4529, Time: 00:08:43

Health: -6/217     AC: 34    Str: 29    XL:     13   Next: 82%
Magic:  12/12      EV: 14    Int: 12    God:    Trog [******]
Gold:   1558       SH: 16    Dex: 12    Spells: 12/12 levels left

rFire    . . .     SeeInvis +   a - +2 demon trident (drain)
rCold    . . .     Faith    .   c - +0 kite shield
rNeg     . . .     Spirit   .   b - +10 plate armour "Gitup" {Str+2 Int+7 SInv Stlth-}
rPois    .         Reflect  .   t - +0 hat {SInv}
rElec    .         Harm     .   w - +0 cloak
rCorr    .         Rampage  .   G - +1 pair of gloves
Will     .....     NoTele   +   m - +0 pair of boots
Stlth    ..........             (no amulet)
HPRegen  0.46/turn              n - +3 ring of strength
MPRegen  0.13/turn              o - +2 ring of evasion

@: berserking (expiring), lethally poisoned (-6 -> -57), very quick
A: horns 2, retaliatory headbutt
a: Renounce Religion, Berserk, Trog's Hand, Brothers in Arms


You were in the Dungeon.
You worshipped Trog.
Trog was exalted by your worship.
You visited 1 branch You collected 1952 gold pieces.
You spent 394 gold pieces at shops.

Inventory:

Hand Weapons
 a - a +2 demon trident of draining (weapon)
Missiles
 u - 3 throwing nets (quivered)
Armour
 b - the +10 plate armour "Gitup" (worn) {Str+2 Int+7 SInv Stlth-}
   (You found it in the Dungeon)

   Str:       It affects your strength (+2).
   Int:       It affects your intelligence (+7).
   SInv:      It lets you see invisible.
   Stlth:     It makes you less stealthy.
 c - a +0 kite shield (worn)
 m - a +0 pair of boots (worn)
 t - a +0 hat of see invisible (worn)
 w - a +0 cloak (worn)
 G - a +1 pair of gloves (worn)
Jewellery
 n - a +3 ring of strength (left hand)
 o - a +2 ring of evasion (right hand)
 F - a ring of protection from fire
Wands
 k - a wand of acid (10)
 q - a wand of mindburst (15)
 v - a wand of digging (5)
Scrolls
 j - 6 scrolls of blinking
 l - a scroll of identify
 s - 4 scrolls of fog
 x - a scroll of immolation
 y - 2 scrolls of summoning
 B - a scroll of magic mapping
 C - a scroll of enchant armour
Potions
 d - 2 potions of might
 e - 9 potions of curing
 f - 6 potions of heal wounds
 g - a potion of haste
 h - 4 potions of magic
 i - a potion of invisibility
 p - a potion of mutation
 r - a potion of attraction
 z - a potion of resistance {unknown}


   Skills:
 + Level 21.8 Fighting
 + Level 23.0 Polearms
 + Level 17.7 Armour
 + Level 9.6 Dodging
 + Level 4.2 Stealth
 + Level 19.8 Shields


You had 12 spell levels left.
You didn't know any spells.
Your spell library was empty.

Dungeon Overview and Level Annotations

Branches:
Dungeon (1/1)

Altars:
Cheibriados
Dithmenos
Elyvilon
Fedhas
Gozag
Hepliaklqana
Kikubaaqudgha
Makhleb
Nemelex Xobeh
Okawaru
Qazlal
Ru
Sif Muna
Trog
Uskayaw
Vehumet
Wu Jian
Xom
Yredelemnul
Zin
The Shining One
Beogh
Jiyva
Lugonu

Shops:
D *::*


Innate Abilities, Weirdness & Mutations

You have a pair of horns on your head.
You reflexively headbutt those who attack you in melee.


Message History

Aizul casts a spell at you.
The bolt of poison hits you but does no damage.
You are more poisoned.
You puncture Aizul! You drain Aizul. You headbutt Aizul.
Aizul is moderately wounded.
* * * LOW HITPOINT WARNING * * *
You feel extremely sick. Aizul casts a spell at you.
The poison arrow hits you but does no damage.
You are more poisoned.
You skewer Aizul like a kebab!!! You drain Aizul!
Aizul is severely wounded.
* * * LOW HITPOINT WARNING * * *
You feel extremely sick.
You impale Aizul!! You drain Aizul!
Aizul is almost dead.
* * * LOW HITPOINT WARNING * * *
You feel very sick. Aizul casts a spell at you. You block the poison arrow.
Unknown command.
You hit Aizul.
Aizul is almost dead.
* * * LOW HITPOINT WARNING * * *
You feel extremely sick.
You impale Aizul!!
You kill Aizul!
Trog accepts your kill. Something appears at your feet!
You see here a +2 spear of flaming.
Trog grants you a weapon!
Trog appreciates your killing of a magic user.
* * * LOW HITPOINT WARNING * * *
You feel extremely sick.
Your Polearms skill increases to level 23!
* * * LOW HITPOINT WARNING * * *
You feel extremely sick.
Unknown command.
You are too berserk!
You feel a strong urge to attack something.
You die...

▓.......................[..†...
▓.▓▓▓▓▓▓▓▓▓▓▓▓▓▓▓▓▓▓▓▓▓▓▓▓▓▓▓▓▓
▓.........'.....)))))))).[[[[[[
▓▓▓▓▓▓▓▓▓▓▓▓▓▓▓▓▓▓▓▓▓▓▓▓▓▓▓▓▓▓▓
▓....).........................
▓)▓▓▓▓▓▓▓▓▓▓▓▓▓▓▓▓▓▓▓▓▓▓▓▓▓▓▓▓▓
▓........)......')).))).))'....
▓▓▓▓▓▓▓▓▓▓▓▓▓▓▓▓▓▓▓▓▓▓▓▓▓▓▓▓▓▓▓
.......@................
▓▓▓▓▓▓▓▓▓▓▓▓▓▓▓▓▓▓▓▓▓▓▓▓


There were no monsters in sight!

Vanquished Creatures
  Rupert (D)
  Gastronok (D)
  Aizul (D)
  A ghost moth (D)
  An emperor scorpion (D)
  An eleionoma (D)
  2 merfolk impalers (D)
  A fire dragon (D)
  2 great orbs of eyes (D)
  Harold (D)
  A boulder beetle (D)
  A naga warrior (D)
  3 hydras (D)
  2 anacondas (D)
  A merfolk avatar (D)
  A two-headed ogre (D)
  A deep troll earth mage (D)
  A naga sharpshooter (D)
  A hell knight (D)
  2 spriggan druids (D)
  A swamp dragon (D)
  A necromancer (D)
  A wizard (D)
  2 orb spiders (D)
  10 orc knights (D)
  A deep elf pyromancer (D)
  3 wolf spiders (D)
  A will-o-the-wisp (D)
  Maurice (D)
  An ugly thing (D)
  A guardian serpent (D)
  2 black mambas (D)
  A merfolk siren (D)
  A water nymph (D)
  2 cane toads (D)
  A rime drake (D)
  2 efreet (D)
  An unseen horror (D)
  A kobold demonologist (D)
  2 komodo dragons (D)
  A jumping spider (D)
  2 merfolk (D)
  6 polar bears (D)
  2 hornets (D)
  A tyrant leech (D)
  A blink frog (D)
  3 slime creatures (D)
  A tarantella (D)
  A spriggan (D)
  A water elemental (D)
  2 yaks (D)
  A basilisk (D)
  A wyvern (D)
  A hog (D)
  2 nagas (D)
  A water moccasin (D)
  14 orc warriors (D)
  4 black bears (D)
  An ogre (D)
  A wolf (D)
  A gnoll sergeant (D)
  2 bullfrogs (D)
  A killer bee (D)
  4 orc priests (D)
  2 iguanas (D)
  2 orc wizards (D)
  An adder zombie (D)
  9 orcs (D)
  2 hobgoblins (D)
  A ball python (D)
  A kobold (D)
  A quokka zombie (D)
  A rat (D)
137 creatures vanquished.

Vanquished Creatures (collateral kills)
  2 orc knights (D)
  A swamp drake (D)
  An orc warrior (D)
4 creatures vanquished.

Vanquished Creatures (others)
  A goliath frog (D)
  A shadow (D)
  2 foxfires (D)
4 creatures vanquished.

Grand Total: 145 creatures vanquished

Notes
Turn   | Place    | Note
-------+----------+-------------------------------------------
     0 | D        | mhtbhm the Minotaur Fighter began the quest for the Orb.
     0 | D        | Reached XP level 1. HP: 19/19 MP: 0/0
   124 | D        | Noticed an ogre
   124 | D        | Noticed an iguana
   124 | D        | Noticed an iguana
   128 | D        | Killed an ogre
   129 | D        | Reached skill level 4 in Polearms
   129 | D        | Reached XP level 2. HP: 31/31 MP: 1/1
   129 | D        | Reached XP level 3. HP: 38/38 MP: 2/2
   129 | D        | Reached XP level 4. HP: 45/45 MP: 3/3
   135 | D        | Reached skill level 5 in Polearms
   138 | D        | Reached XP level 5. HP: 52/52 MP: 4/4
   279 | D        | Found a snail-covered altar of Cheibriados.
   279 | D        | Found a shadowy altar of Dithmenos.
   279 | D        | Found a white marble altar of Elyvilon.
   279 | D        | Found a blossoming altar of Fedhas.
   279 | D        | Found an opulent altar of Gozag.
   280 | D        | Found a hazy altar of Hepliaklqana.
   281 | D        | Found a viscous altar of Jiyva.
   282 | D        | Found an ancient bone altar of Kikubaaqudgha.
   283 | D        | Found a corrupted altar of Lugonu.
   284 | D        | Found a burning altar of Makhleb.
   285 | D        | Found a sparkling altar of Nemelex Xobeh.
   286 | D        | Found an iron altar of Okawaru.
   287 | D        | Found a stormy altar of Qazlal.
   288 | D        | Found a sacrificial altar of Ru.
   289 | D        | Found a shimmering blue altar of Sif Muna.
   290 | D        | Found a bloodstained altar of Trog.
   291 | D        | Found a hide-covered altar of Uskayaw.
   292 | D        | Found a radiant altar of Vehumet.
   293 | D        | Found an ornate altar of the Wu Jian Council.
   294 | D        | Found a shimmering altar of Xom.
   295 | D        | Found a basalt altar of Yredelemnul.
   296 | D        | Found a glowing silver altar of Zin.
   297 | D        | Found a glowing golden altar of the Shining One.
   306 | D        | Became a worshipper of Trog the Wrathful
   361 | D        | Noticed a kobold demonologist
   361 | D        | Noticed a two-headed ogre
   361 | D        | Noticed an orc warrior
   367 | D        | Noticed a red devil
   370 | D        | Killed a kobold demonologist
   370 | D        | Reached * piety under Trog
   371 | D        | Reached skill level 8 in Polearms
   371 | D        | Reached XP level 6. HP: 35/66 MP: 5/5
   376 | D        | Killed a two-headed ogre
   377 | D        | Reached skill level 10 in Polearms
   377 | D        | Reached skill level 1 in Dodging
   377 | D        | Reached skill level 10 in Shields
   377 | D        | Reached XP level 7. HP: 40/74 MP: 6/6
   377 | D        | Reached XP level 8. HP: 45/82 MP: 7/7
   385 | D        | Reached ** piety under Trog
   386 | D        | Reached skill level 11 in Polearms
   690 | D        | Noticed an efreet
   690 | D        | Noticed an efreet
   690 | D        | Noticed a slime creature
   690 | D        | Noticed a slime creature
   697 | D        | Killed an efreet
   706 | D        | Killed an efreet
   707 | D        | Reached skill level 12 in Polearms
   716 | D        | Killed a slime creature
   716 | D        | Reached *** piety under Trog
   730 | D        | Killed an unseen horror
   731 | D        | Reached skill level 13 in Polearms
   731 | D        | Reached XP level 9. HP: 17/91 MP: 8/8
  1199 | D        | Noticed a komodo dragon
  1199 | D        | Noticed a cane toad
  1206 | D        | Reached **** piety under Trog
  1207 | D        | Reached skill level 14 in Polearms
  1217 | D        | Killed a komodo dragon
  1218 | D        | Reached skill level 1 in Stealth
  1221 | D        | Killed a cane toad
  1223 | D        | Reached ***** piety under Trog
  1238 | D        | Reached skill level 15 in Polearms
  1261 | D        | Noticed a four-headed hydra
  1261 | D        | Noticed a boulder beetle
  1261 | D        | Noticed a rime drake
  1261 | D        | Noticed a komodo dragon
  1263 | D        | Noticed a cane toad
  1272 | D        | Killed a four-headed hydra
  1273 | D        | Reached skill level 5 in Dodging
  1273 | D        | Reached XP level 10. HP: 102/102 MP: 9/9
  1342 | D        | Killed a boulder beetle
  1343 | D        | Reached skill level 16 in Polearms
  1352 | D        | Killed a cane toad
  1352 | D        | Reached ****** piety under Trog
  1426 | D        | Reached skill level 15 in Fighting
  1426 | D        | Reached skill level 17 in Polearms
  1428 | D        | Received a gift from Trog
  1447 | D        | Reached XP level 11. HP: 109/112 MP: 10/10
  1496 | D        | Noticed Harold
  1506 | D        | Killed Harold
  1511 | D        | Noticed Maurice
  1522 | D        | Killed Maurice
  1522 | D        | Received a gift from Trog
  1592 | D        | Received a gift from Trog
  1609 | D        | Received a gift from Trog
  1669 | D        | Noticed an orc knight
  1669 | D        | Noticed an orc knight
  1676 | D        | Killed an orc knight
  1685 | D        | Killed an orc knight
  1692 | D        | Reached skill level 18 in Polearms
  1700 | D        | Received a gift from Trog
  1704 | D        | Noticed an orc knight
  1721 | D        | Killed an orc knight
  1881 | D        | Found Sudd's Assorted Antiques.
  1881 | D        | Noticed an orc knight
  1881 | D        | Noticed an orc knight
  1882 | D        | Noticed an orc knight
  1892 | D        | Reached skill level 15 in Shields
  1896 | D        | Killed an orc knight
  1898 | D        | Received a gift from Trog
  1900 | D        | Noticed an orc knight
  1909 | D        | Killed an orc knight
  1910 | D        | Found Atrazec's Book Shoppe.
  1917 | D        | Killed an orc knight
  1918 | D        | Noticed an orc knight
  1923 | D        | Killed an orc knight
  1925 | D        | Killed an orc knight
  1993 | D        | Received a gift from Trog
  2171 | D        | Found Kefeur's Book Emporium.
  2171 | D        | Noticed an orc knight
  2173 | D        | Found Vashraqamu's General Store.
  2180 | D        | Noticed an orc knight
  2183 | D        | Killed an orc knight
  2232 | D        | Killed an orc knight
  2233 | D        | Reached skill level 19 in Polearms
  2466 | D        | Bought a scroll labelled TONEAT GORRA for 18 gold pieces
  2466 | D        | Bought an emerald potion for 16 gold pieces
  2466 | D        | Bought a potion of curing for 54 gold pieces
  2466 | D        | Bought 2 scrolls labelled FAEPTE OMAMO for 36 gold pieces
  2466 | D        | Bought a potion of curing for 54 gold pieces
  2466 | D        | Bought a scroll of fog for 36 gold pieces
  2480 | D        | Bought a +0 hat for 48 gold pieces
  2480 | D        | Bought a scroll of magic mapping for 42 gold pieces
  2480 | D        | Bought a scroll of enchant armour for 90 gold pieces
  2534 | D        | Noticed Gastronok
  2547 | D        | Killed Gastronok
  2548 | D        | Reached XP level 12. HP: 127/127 MP: 11/11
  2642 | D        | Got the +6 chain mail of Conscience {rF+ Regen+}
  2669 | D        | Got the +10 plate armour "Gitup" {Str+2 Int+7 SInv Stlth-}
  2697 | D        | Noticed a four-headed hydra
  2700 | D        | Noticed a four-headed hydra
  2705 | D        | Received a gift from Trog
  2708 | D        | Killed a four-headed hydra
  2728 | D        | Killed a four-headed hydra
  2729 | D        | Reached skill level 20 in Polearms
  2733 | D        | Received a gift from Trog
  2739 | D        | Noticed a great orb of eyes
  2907 | D        | Paralysed by a great orb of eyes for 5 turns
  2915 | D        | Killed a great orb of eyes
  3024 | D        | Noticed a great orb of eyes
  3030 | D        | Reached skill level 15 in Armour
  3032 | D        | Killed a great orb of eyes
  3032 | D        | Received a gift from Trog
  3158 | D        | Noticed a deep troll earth mage
  3159 | D        | Noticed a fire dragon
  3164 | D        | Killed a deep troll earth mage
  3174 | D        | Killed a fire dragon
  3439 | D        | Noticed a merfolk impaler
  3440 | D        | Noticed a merfolk avatar
  3448 | D        | Noticed a merfolk impaler
  3454 | D        | Killed a merfolk impaler
  3455 | D        | Reached skill level 21 in Polearms
  3457 | D        | Received a gift from Trog
  3469 | D        | Killed a merfolk avatar
  3469 | D        | Identified the +6 quick blade of Firow {flame, Str+6} (Trog
                  | gifted it to you in the Dungeon)
  3469 | D        | Received a gift from Trog
  3474 | D        | Killed a merfolk impaler
  3520 | D        | Noticed a ghost moth
  3523 | D        | Reached XP level 13. HP: 92/139 MP: 5/12
  3529 | D        | Killed a ghost moth
  3537 | D        | Received a gift from Trog
  3705 | D        | Received a gift from Trog
  3713 | D        | Noticed an eleionoma
  3715 | D        | Reached skill level 22 in Polearms
  3725 | D        | Killed an eleionoma
  3747 | D        | Received a gift from Trog
  3978 | D        | Received a gift from Trog
  4251 | D        | Noticed Rupert
  4261 | D        | Killed Rupert
  4271 | D        | Noticed an emperor scorpion
  4333 | D        | Killed an emperor scorpion
  4514 | D        | Noticed Aizul
  4527 | D        | Killed Aizul
  4527 | D        | Received a gift from Trog
  4528 | D        | Reached skill level 23 in Polearms
  4528 | D        | HP: 1/217 [poisoned by Aizul (poison arrow)]
  4529 | D        | Succumbed to Aizul's poison arrow

Illustrated notes

Levels and vault maps discovered:
D:        linesprint [early_d, line_temple, items_1, d_10, items_2, lair_1,
          lair_end, items_3, orc_1, orc_end, items_4, d_15, swamp_1, shoals_1,
          snake_1, spider_1, d_20, vaults_1, items_5, swamp_end, shoals_end,
          snake_end, spider_end, vaults_end, d_27, items_6, zot_1, zot_end,
          crypt_end, forest_end, elf_end, slime_end, tomb_end, abyss_end,
          pan_hell_end]

Skill      XL: |  1  2  3  4  5  6  7  8  9 10 11 12 13 |
---------------+----------------------------------------+-----
Fighting       | 6 7 9 11 12 13 15 17 20 21 | 21.8
Armour         | 6 7 9 11 12 13 14 16 17 | 17.7
Shields        | 6 7 8 10 11 12 14 16 17 19 | 19.8
Polearms       | 4 5 8 10 13 15 17 19 21 23 | 23.0
Dodging        | 1 2 5 6 8 9 |  9.6
Stealth        | 1 2 3 4 |  4.2

Action                   |  1- 3 |  4- 6 |  7- 9 | 10-12 | 13-15 || total
-------------------------+-------+-------+-------+-------+-------++-------
Melee: Trident           |    17 |    22 |    97 |    80 |       ||   216
       Headbutt          |     5 |     4 |    25 |    57 |    25 ||   116
       Demon trident     |       |       |       |   221 |   134 ||   355
Invok: Berserk           |       |     1 |     3 |    11 |     5 ||    20
       Brothers in Arms  |       |       |       |     1 |     1 ||     2
  Use: Potion            |     1 |     1 |     2 |     1 |     1 ||     6
       Scroll            |       |       |       |     2 |     1 ||     3
Armor: Scale mail        |     8 |     1 |       |       |       ||     9
       Ring mail         |       |     1 |    18 |    10 |       ||    29
       Plate armour      |       |       |       |    19 |    36 ||    55
Dodge: Dodged            |     5 |     5 |    29 |    30 |    25 ||    94
Block: Kite shield       |     4 |     6 |    31 |    79 |    42 ||   162

Table legend: (Time is in decaauts)
 A = Elapsed time spent in this place.
 B = Non-inter-level travel time spent in this place.
 C = Inter-level travel time spent in this place.
 D = Time resting spent in this place.
 E = Time spent auto-exploring this place.
 F = Levels seen in this place.
 G = Mean time per level.
                   A        B        C        D        E       F      G
               +--------+--------+--------+--------+--------+-----+--------+
         Total |   4499 |   4499 |      0 |   2396 |    882 |   1 | 4499.0 |
       Dungeon |   4499 |   4499 |      0 |   2396 |    882 |   1 | 4499.0 |
               +--------+--------+--------+--------+--------+-----+--------+

Top non-repeatable levels by time:
       D: 4499 daAuts
